 Dungeon Crawl Stone Soup version 0.29.1-12-g30fa7ad0bf (webtiles) character file.

Game seed: 10580548488654895455

373 wormed the Trooper (level 6, -1/53 HPs)
             Began as a Ghoul Monk on Dec 24, 2022.
             Slain by Pikel
             ... wielding a +0 whip of freezing
              (3 damage)
             ... on level 5 of the Dungeon.
             The game lasted 00:06:28 (4147 turns).

wormed the Trooper (Ghoul Monk)                     Turns: 4147, Time: 00:06:30

Health: -1/53      AC: 15    Str: 17    XL:     6   Next: 72%
Magic:  5/5        EV:  7    Int:  5    God:
Gold:   204        SH:  0    Dex: 11    Spells: 5/5 levels left

rFire   . . .      SeeInvis .   g - +2 flail (protect)
rCold   + . .      Faith    .   (no shield)
rNeg    + + +      Spirit   .   n - +0 chain mail
rPois   ∞          Reflect  .   (no helmet)
rElec   .          Harm     .   (no cloak)
rCorr   .          Rampage  .   (no gloves)
Will    .....                   (no boots)
Stlth   ..........              (no amulet)
HPRegen 0.00/turn               (no ring)
MPRegen 0.09/turn               (no ring)

@: under a protective aura, inhibited regen
A: claws 1, cold resistance 1, negative energy resistance 3, inhibited
regeneration, torment resistance 2, devour on kill
a: no special abilities


You were on level 5 of the Dungeon.
You visited 1 branch of the dungeon, and saw 5 of its levels.

You collected 204 gold pieces.

Inventory:

Hand Weapons
 g - a +2 flail of protection (weapon)
Armour
 n - a +0 chain mail (worn)
Scrolls
 b - a scroll of enchant weapon {unknown}
 e - 6 scrolls of identify {unknown}
 f - 2 scrolls of vulnerability {unknown}
 h - 3 scrolls of teleportation {unknown}
 i - a scroll of enchant armour {unknown}
 m - a scroll of brand weapon {unknown}
 o - a scroll of poison {unknown}
Potions
 a - a potion of brilliance
 c - a potion of ambrosia
 d - 3 potions of curing {unknown}
 j - a potion of heal wounds {unknown}
 k - a potion of invisibility
 l - a potion of mutation {unknown}


   Skills:
 + Level 4.7 Fighting
 * Level 4.1 Maces & Flails
 + Level 2.6 Armour
 - Level 3.0 Dodging
 - Level 2.1 Stealth
 + Level 2.6 Shields


You had 5 spell levels left.
You didn't know any spells.
Your spell library contained the following spells:

 Spells                   Type           Power      Damage    Failure   Level
 Poisonous Vapours        Pois/Air       0%         N/A       100%        2
 Corpse Rot               Necr/Pois/Air  0%         N/A       100%        4
 Summon Hydra             Summ           0%         N/A       100%        7
 Sublimation of Blood     Necr           Unusable   N/A       N/A         2
 Wereblood                Tmut           Unusable   N/A       N/A         2

Dungeon Overview and Level Annotations

Branches:
Dungeon (5/15)
 Temple: D:4-7

Altars:
Cheibriados
Fedhas
Xom

Annotations:
D:5 Pikel


Innate Abilities, Weirdness & Mutations

You are immune to poison.
You have sharp fingernails.
Your flesh is cold resistant. (rC+)
You are immune to negative energy. (rN+++)
You do not regenerate when monsters are visible.
You are immune to unholy pain and torment.
You thrive by killing the living.


Message History

You are too injured to fight recklessly!
You are too injured to fight recklessly!
You are too injured to fight recklessly!
You are too injured to fight recklessly!
You are too injured to fight recklessly!
You are too injured to fight recklessly!
You are too injured to fight recklessly!
You are too injured to fight recklessly!
You are too injured to fight recklessly!
You are too injured to fight recklessly!
You are too injured to fight recklessly!
The lemure hits you but does no damage. Pikel attacks as you move away!
Pikel hits you with a +0 whip of freezing.
* * * LOW HITPOINT WARNING * * *
Pikel freezes you.
* * * LOW HITPOINT WARNING * * *
You sock the lemure!
Your weapon exudes an aura of protection.
The lemure is moderately wounded.
The lemure hits you but does no damage.
You barely miss Pikel. Pikel hits you but does no damage.
You closely miss Pikel.
Pikel hits you with a +0 whip of freezing.
* * * LOW HITPOINT WARNING * * *
You closely miss Pikel.
Pikel hits you with a +0 whip of freezing.
* * * LOW HITPOINT WARNING * * *
You sock Pikel!
Your weapon exudes an aura of protection.
Pikel is moderately wounded.
Pikel barely misses you.
You barely miss Pikel.
Pikel is moderately wounded.
Pikel hits you with a +0 whip of freezing.
* * * LOW HITPOINT WARNING * * *
Pikel freezes you.
* * * LOW HITPOINT WARNING * * *
Pikel hits you with a +0 whip of freezing.
You die...

#.######
~#≈~~~.?(~
#.#######.
≈≈~~~~(<.~
#.........
~#~≈≈≈...~
#..#######
~~~≈≈≈≈.~≈
#..####
~~≈≈~≈~.~≈
#.....#
w≈≈≈~?~!.#
#.###.#
#~#≈≈≈.?(≈
#.# #.# #
≈~≈≈~~~≈ #.#
#@#
##w~#≈~~≈
#.###K###
#...555.#
####.O5.#
.........
####....#...
#....#.#..#
###### . ##
.


You could see Pikel, an ogre and 4 lemures.

Vanquished Creatures
  A necrophage (D:5)
  A scorpion (D:4)
  Jessica (D:3)
  An iguana (D:5)
  Terence (D:3)
  A gnoll (D:3)
  6 adders
  An ufetubus (D:4)
  6 dart slugs
  4 orcs
  2 ball pythons
  8 bats
  8 endoplasms
  A giant cockroach (D:1)
  12 goblins
  5 hobgoblins
  5 jackals
  2 quokkas (D:3)
  7 frilled lizards
  16 kobolds
  2 rats (D:1)
  A toadstool (D:1)
92 creatures vanquished.

Vanquished Creatures (others)
  A ball python (D:3)
  3 toadstools (D:1)
4 creatures vanquished.

Grand Total: 96 creatures vanquished

Notes
Turn   | Place    | Note
-------+----------+-------------------------------------------
     0 | D:1      | wormed the Ghoul Monk began the quest for the Orb.
     0 | D:1      | Reached XP level 1. HP: 19/19 MP: 0/0
   179 | D:1      | Reached XP level 2. HP: 20/26 MP: 1/1
  1035 | D:2      | Reached XP level 3. HP: 20/31 MP: 2/2
  1213 | D:2      | Reached skill level 1 in Armour
  1213 | D:2      | Reached skill level 1 in Shields
  1471 | D:2      | Reached XP level 4. HP: 38/40 MP: 3/3
  2045 | D:3      | Identified the +4 dagger of Furuycwete {elec, Fragile rC+
                  | rN+ Dex+8}
  2130 | D:3      | Noticed Jessica
  2135 | D:3      | Killed Jessica
  2136 | D:3      | Reached XP level 5. HP: 43/46 MP: 4/4
  2238 | D:3      | Noticed Terence
  2248 | D:3      | Killed Terence
  2414 | D:3      | Found a shimmering altar of Xom.
  3184 | D:4      | Reached XP level 6. HP: 46/53 MP: 5/5
  3688 | D:5      | Entered Level 5 of the Dungeon
  3815 | D:5      | Found a blossoming altar of Fedhas.
  3939 | D:5      | Found a snail-covered altar of Cheibriados.
  4128 | D:5      | Noticed Pikel
  4147 | D:5      | HP: 2/53 [Pikel/+0 whip of freezing (1)]
  4147 | D:5      | Slain by Pikel

Illustrated notes

Levels and vault maps discovered:
D:1:      ldierk_water_garden, layout_loops_ring
D:2:      layout_rooms, hangedman_glass_teeth
D:3:      layout_loops_ring, xom_confusion_cloud, zin_statuary,
          grunt_decor_fettered, uniq_jessica, uniq_terence
D:4:      layout_loops_ring
D:5:      kennysheep_slugbush, layout_basic,
          mainiacjoe_overflow_concentric_impassable,
          mainiacjoe_overflow_24_doors, okawaru_altar_gauntlet_db,
          grunt_decor_mini_mirrors, minmay_misc_feat_enclosed, uniq_pikel

Skill      XL: |  1  2  3  4  5  6 |
---------------+-------------------+-----
Maces & Flails | 3 4 |  4.1
Armour         | 1 2 |  2.6
Dodging        | 3 |  3.0
Shields        | 1 2 |  2.6
Fighting       | 4 |  4.7
Stealth        | |  2.1

Action                   |  1- 3 |  4- 6 || total
-------------------------+-------+-------++-------
Melee: Mace              |    42 |       ||    42
       Flail             |    49 |   201 ||   250
       Punch             |       |     1 ||     1
  Use: Potion            |       |     1 ||     1
 Stab: Sleeping          |     3 |       ||     3
Armor: Robe              |    23 |       ||    23
       Leather armour    |       |    17 ||    17
       Chain mail        |       |   172 ||   172
Dodge: Dodged            |    65 |   133 ||   198
